[Event "January 9 Early 2024"]
[Site "https://www.chess.com"]
[Date "2024.01.11"]
[Round "3"]
[White "Bartel, Mateusz"]
[Black "Sidletskyi, Ivan"]
[Result "1-0"]
[Board "173"]
[TimeControl "180+1"]
[WhiteFideId "1112635"]
[BlackFideId "14156024"]
[WhiteElo "2822"]
[BlackElo "2492"]
[WhiteTeam "POL"]
[BlackTeam "UKR"]
[WhiteClock "0:00:19"]
[BlackClock "0:00:09"]

1. Nf3 Nf6 2. c4 e6 3. b3 d5 4. Bb2 Be7 5. g3 O-O 6. Bg2 c5 7. cxd5 Nxd5 8. Nc3 Bf6 9. Qc1 Nc6 10. Ne4 Bxb2 11. Qxb2 b6 12. h4 Bb7 13. O-O Qe7 14. d3 Rad8 15. a3 h6 16. Rfc1 e5 17. b4 cxb4 18. Rxc6 Bxc6 19. Nxe5 bxa3 20. Rxa3 Ba8 21. d4 Nf6 22. Nxf6+ Qxf6 23. Bxa8 Rxa8 24. Nd7 Qe7 25. Nxf8 Kxf8 26. d5 Rc8 27. Rd3 Qd6 28. e4 f6 29. Kg2 Rc5 30. f4 Ra5 31. Qd4 Qc5 32. Qxc5+ Rxc5 33. e5 Ke7 34. Kf3 a5 35. Ke4 Rc4+ 36. Kf5 a4 37. d6+ Kd8 38. e6 Rc5+ 39. Kg6 b5 40. Kf7 1-0

[Event "January 9 Early 2024"]
[Site "https://www.chess.com"]
[Date "2024.01.11"]
[Round "3"]
[White "Toktomushev, Teimur"]
[Black "Ranaldi, Lucas"]
[Result "0-1"]
[Board "174"]
[TimeControl "180+1"]
[WhiteFideId "14176726"]
[BlackFideId "1519484"]
[WhiteElo "2485"]
[BlackElo "2690"]
[WhiteTeam "UKR"]
[BlackTeam "NOR"]
[WhiteClock "0:00:01"]
[BlackClock "0:00:21"]

1. d4 Nf6 2. c4 e6 3. Nf3 b6 4. g3 Bb7 5. Bg2 Be7 6. O-O O-O 7. Qc2 Be4 8. Qb3 c5 9. Nc3 Bxf3 10. Bxf3 Nc6 11. Bxc6 dxc6 12. dxc5 Bxc5 13. Bg5 Be7 14. Rad1 Qc7 15. Rd3 Rfd8 16. Rfd1 Rxd3 17. Rxd3 Rd8 18. Qd1 Rxd3 19. Qxd3 h6 20. Bxf6 Bxf6 21. b3 Qe5 22. Ne4 Qa1+ 23. Kg2 Qxa2 24. Qd7 Be5 25. Qxc6 Qxe2 26. Qe8+ Kh7 27. Qc6 f5 28. Nd6 Bxd6 29. Qxd6 Qe4+ 30. Kg1 Qb1+ 31. Kg2 Qxb3 32. Qxe6 Qb1 33. Qf7 Qe4+ 34. f3 Qc2+ 35. Kh3 a5 36. Qb7 Qxc4 37. Qxb6 Qf1+ 38. Kh4 Qxf3 39. Qxa5 Qg4# 0-1

[Event "January 9 Early 2024"]
[Site "https://www.chess.com"]
[Date "2024.01.11"]
[Round "3"]
[White "Carow, Johannes"]
[Black "Donchenko, Alexander"]
[Result "0-1"]
[Board "175"]
[TimeControl "180+1"]
[WhiteFideId "24692050"]
[BlackFideId "24603295"]
[WhiteElo "2708"]
[BlackElo "2945"]
[WhiteTeam "GER"]
[BlackTeam "GER"]
[WhiteClock "0:00:01"]
[BlackClock "0:00:07"]

1. d4 Nf6 2. c4 e6 3. Nc3 Bb4 4. Qc2 d5 5. a3 Bxc3+ 6. Qxc3 O-O 7. cxd5 Ne4 8. Qc2 exd5 9. Bf4 Nc6 10. e3 Re8 11. Nf3 Bg4 12. Bb5 Bxf3 13. gxf3 Nxd4 14. exd4 c6 15. fxe4 Rxe4+ 16. Be3 cxb5 17. Rc1 h6 18. O-O Qh4 19. Kh1 Qh3 20. Rg1 Rh4 21. Rg2 Re8 22. Rcg1 Kh8 23. Qc7 Qf5 24. Qg3 g5 25. Rc1 Rh3 26. Qd6 Qf3 27. Kg1 Rxe3 28. Qf8+ Kh7 29. fxe3 Qxe3+ 30. Rf2 Rf3 31. Rf1 Qxd4 32. Qc8 g4 0-1

[Event "January 9 Early 2024"]
[Site "https://www.chess.com"]
[Date "2024.01.11"]
[Round "3"]
[White "Devaev, Alexander"]
[Black "Ashraf, Artin"]
[Result "0-1"]
[Board "176"]
[TimeControl "180+1"]
[WhiteFideId "4169395"]
[BlackFideId "22514805"]
[WhiteElo "2521"]
[BlackElo "2910"]
[WhiteTeam "RUS"]
[BlackTeam "IRI"]
[WhiteClock "0:00:08"]
[BlackClock "0:00:10"]

1. d4 d5 2. Nf3 Nf6 3. c4 e6 4. Nc3 Nbd7 5. e3 b6 6. b3 Bb7 7. Bd3 Bd6 8. O-O O-O 9. Bb2 a6 10. Qe2 c5 11. cxd5 exd5 12. Rfd1 Re8 13. Rac1 Qe7 14. Bf5 Rac8 15. Bxd7 Qxd7 16. Na4 Qd8 17. Ba3 Ne4 18. Rc2 c4 19. Bxd6 Qxd6 20. Rdc1 b5 21. Nc5 Nxc5 22. dxc5 Qxc5 23. Nd4 Qb6 24. b4 a5 25. a3 axb4 26. axb4 Ra8 27. h4 Ra4 28. Qg4 Rxb4 29. h5 Bc8 30. Qg5 Qd6 31. Qxg7+ Kxg7 32. Nf5+ Bxf5 0-1

[Event "January 9 Early 2024"]
[Site "https://www.chess.com"]
[Date "2024.01.11"]
[Round "3"]
[White "Modric, Nesa"]
[Black "Buchenau, Frank"]
[Result "0-1"]
[Board "177"]
[TimeControl "180+1"]
[WhiteFideId "922579"]
[BlackFideId "4604350"]
[WhiteElo "2205"]
[BlackElo "2412"]
[WhiteTeam "SRB"]
[BlackTeam "GER"]
[WhiteClock "0:00:07"]
[BlackClock "0:00:30"]

1. d4 e6 2. Nf3 Nf6 3. Bg5 c5 4. e3 Be7 5. c3 b6 6. Nbd2 Bb7 7. Be2 cxd4 8. cxd4 Nc6 9. a3 O-O 10. O-O Nd5 11. Bxe7 Qxe7 12. Rc1 f5 13. b4 g5 14. b5 Na5 15. a4 Rac8 16. Ne5 Nc3 17. Qe1 Nxa4 18. Bf3 Nc3 19. Bxb7 Nxb7 20. Ndf3 Nxb5 21. Qe2 Nc3 22. Qb2 Ne4 23. Qa2 Na5 24. Nd3 d6 25. Nb4 g4 26. Nd2 Nxd2 27. Qxd2 Nb3 28. Qb2 Nxc1 29. Rxc1 Rxc1+ 30. Qxc1 Qb7 31. h4 Rc8 32. Qa3 a5 33. Nd3 Qc6 34. Kh2 Kf7 35. Nf4 Ke7 36. Qb3 d5 37. Qd3 Qc4 38. Qb1 Qb4 39. Qd3 b5 40. h5 Rc3 41. Qd1 Qc4 42. Nd3 Rxd3 0-1

[Event "January 9 Early 2024"]
[Site "https://www.chess.com"]
[Date "2024.01.11"]
[Round "3"]
[White "Topalov, Aleksandar"]
[Black "Yagupov, Igor"]
[Result "0-1"]
[Board "178"]
[TimeControl "180+1"]
[WhiteFideId "925659"]
[BlackFideId "4113632"]
[WhiteElo "2439"]
[BlackElo "2644"]
[WhiteTeam "SRB"]
[BlackTeam "RUS"]
[WhiteClock "0:00:02"]
[BlackClock "0:00:07"]

1. b3 e5 2. Bb2 Nc6 3. e3 Nf6 4. Bb5 Bd6 5. Na3 e4 6. Bxc6 bxc6 7. Nc4 Be7 8. Ne2 O-O 9. O-O a5 10. Ng3 Ba6 11. Nf5 Re8 12. f3 d5 13. Ne5 Bd6 14. Nxd6 Qxd6 15. f4 Bxf1 16. Qxf1 Nd7 17. Nxd7 Qxd7 18. a4 c5 19. Qf2 Red8 20. Qg3 f5 21. Be5 Ra6 22. Qh3 d4 23. Qh4 Rh6 24. Qg3 Rg6 25. Qh3 c6 26. Rf1 dxe3 27. dxe3 Qd2 28. Bc7 Rd7 29. Be5 Rg4 30. c4 Qe2 31. g3 Rd2 0-1

[Event "January 9 Early 2024"]
[Site "https://www.chess.com"]
[Date "2024.01.11"]
[Round "3"]
[White "Rodriguez Santiago, Jaime"]
[Black "Huschenbeth, Niclas"]
[Result "1-0"]
[Board "179"]
[TimeControl "180+1"]
[WhiteFideId "3100898"]
[BlackFideId "24604747"]
[WhiteElo "2283"]
[BlackElo "2511"]
[WhiteTeam "PUR"]
[BlackTeam "GER"]
[WhiteClock "0:00:14"]
[BlackClock "0:00:01"]

1. d4 Nf6 2. c4 e6 3. Nf3 Bb4+ 4. Bd2 c5 5. e3 b6 6. a3 Bxd2+ 7. Nbxd2 Bb7 8. Bd3 O-O 9. O-O cxd4 10. exd4 d5 11. c5 bxc5 12. dxc5 Nbd7 13. b4 e5 14. Bb1 d4 15. Re1 Qc7 16. Nc4 Rfe8 17. Nd6 Re6 18. Ng5 Rxd6 19. cxd6 Qxd6 20. Ne4 Nxe4 21. Bxe4 Bxe4 22. Rxe4 Nf6 23. Re1 Nd5 24. Qf3 Rc8 25. Qf5 Re8 26. Rad1 Nc3 27. Rd3 g6 28. Qg5 e4 29. Rh3 d3 30. Qh6 d2 31. Qxh7+ Kf8 32. Qh8+ Ke7 33. Qxc3 d1=Q 34. Re3 Qa4 35. Rxe4+ Kd7 36. Rxe8 1-0

[Event "January 9 Early 2024"]
[Site "https://www.chess.com"]
[Date "2024.01.11"]
[Round "3"]
[White "Zimmermann, Ulrich"]
[Black "Djokic, Mihailo"]
[Result "0-1"]
[Board "180"]
[TimeControl "180+1"]
[WhiteFideId "24654523"]
[BlackFideId "976440"]
[WhiteElo "2456"]
[BlackElo "2661"]
[WhiteTeam "GER"]
[BlackTeam "SRB"]
[WhiteClock "0:00:16"]
[BlackClock "0:00:29"]

1. Nf3 Nf6 2. g3 e6 3. Bg2 Be7 4. O-O O-O 5. c4 c5 6. d4 cxd4 7. Nxd4 Nc6 8. Nc3 Ne5 9. b3 d6 10. Bb2 a6 11. h3 Qc7 12. Rc1 Rd8 13. f4 Ng6 14. e4 e5 15. Nf5 exf4 16. Nd5 Nxd5 17. cxd5 Qd7 18. Bxg7 fxg3 19. Bb2 Bf8 20. Qd4 Ne5 21. Rc3 Re8 22. Rxg3+ Kh8 23. Rf4 Qc7 24. Rfg4 Be7 25. Qe3 Bxf5 26. exf5 Bf6 27. Qh6 Qe7 28. Rg5 Bxg5 29. Rxg5 f6 30. Rg6 Nxg6 31. fxg6 Qe3+ 32. Qxe3 Rxe3 33. Bxf6+ Kg8 34. g7 Rg3 35. Kh2 Rxg7 36. Bxg7 Kxg7 37. Bf3 Kf6 38. Bg4 Ke5 39. Be6 h6 40. Kg3 Rf8 41. Kh4 Rf2 42. a3 Rf3 43. b4 Rxa3 44. Kg4 b5 45. h4 Ra4 46. Kh5 Rxb4 47. Kxh6 Rxh4+ 48. Kg6 Rd4 0-1

[Event "January 9 Early 2024"]
[Site "https://www.chess.com"]
[Date "2024.01.11"]
[Round "3"]
[White "Joubert, Dantelle"]
[Black "Manon-og, Ramon Jr."]
[Result "0-1"]
[Board "181"]
[TimeControl "180+1"]
[WhiteFideId "14310813"]
[BlackFideId "5200776"]
[WhiteElo "2057"]
[BlackElo "2351"]
[WhiteTeam "RSA"]
[BlackTeam "PHI"]
[WhiteClock "0:00:01"]
[BlackClock "0:00:29"]

1. d4 Nf6 2. c4 g6 3. Nc3 d5 4. Bg5 Ne4 5. Bf4 Nxc3 6. bxc3 Bg7 7. e3 c6 8. Nf3 O-O 9. Bd3 Bg4 10. h3 Bxf3 11. Qxf3 Qa5 12. O-O Qxc3 13. Rfd1 e6 14. c5 Nd7 15. Qe2 Rfc8 16. Rab1 b5 17. Rb3 Qa5 18. Bd6 Qd8 19. f4 a5 20. g4 a4 21. Rb4 Bf8 22. Bxf8 Qxf8 23. Qf3 Nf6 24. a3 Re8 25. Kf2 Qh6 26. Rh1 Qh4+ 27. Ke2 Nd7 28. Rg1 Qf6 29. g5 Qg7 30. h4 Re7 31. h5 Rf8 32. Rh1 f5 33. gxf6 Nxf6 34. hxg6 hxg6 35. Rbb1 Nd7 36. Rbg1 Rf6 37. Rg5 e5 38. dxe5 Rxe5 39. Rhg1 Rxg5 40. Rxg5 Nxc5 41. Bc2 d4 42. Qg4 d3+ 0-1

[Event "January 9 Early 2024"]
[Site "https://www.chess.com"]
[Date "2024.01.11"]
[Round "3"]
[White "Velikanov, Alexander"]
[Black "Tan, Ralph"]
[Result "0-1"]
[Board "182"]
[TimeControl "180+1"]
[WhiteFideId "2039290"]
[BlackFideId "30966590"]
[WhiteElo "2806"]
[BlackElo "2538"]
[WhiteTeam "USA"]
[BlackTeam "USA"]
[WhiteClock "0:00:07"]
[BlackClock "0:00:14"]

1. e4 c6 2. d4 d5 3. Nc3 dxe4 4. Bc4 Nf6 5. f3 e3 6. Bxe3 Bf5 7. g4 Bg6 8. h4 h5 9. g5 Nd5 10. Qd2 e6 11. Ne4 Nd7 12. Ne2 N7b6 13. Bb3 a5 14. a3 a4 15. Ba2 Be7 16. O-O-O Nxe3 17. Qxe3 Nd5 18. Qd2 b5 19. Nf4 Bf5 20. g6 fxg6 21. Ng3 Qd6 22. Bxd5 cxd5 23. Nxf5 gxf5 24. Rde1 Rh6 25. Rhg1 Bxh4 26. Rxg7 Bxe1 27. Qe3 O-O-O 28. Nd3 Rhh8 29. Qxe1 Qb6 30. Qg1 h4 31. Ne5 h3 32. Qe1 h2 33. Qc3+ Kb8 34. b3 h1=Q+ 35. Kb2 Qh7 36. Qc6 Qxd4+ 37. Ka2 Qxg7 38. Qxb5+ Qb7 39. Nc6+ Kc8 0-1

[Event "January 9 Early 2024"]
[Site "https://www.chess.com"]
[Date "2024.01.11"]
[Round "3"]
[White "Tymrakiewicz, Rafal"]
[Black "Glashausser, Sho"]
[Result "1-0"]
[Board "183"]
[TimeControl "180+1"]
[WhiteFideId "1108832"]
[BlackFideId "30908329"]
[WhiteElo "2393"]
[BlackElo "2155"]
[WhiteTeam "POL"]
[BlackTeam "USA"]
[WhiteClock "0:00:03"]
[BlackClock "0:00:02"]

1. d4 e6 2. e4 d5 3. e5 c5 4. c3 Qb6 5. Nf3 Bd7 6. a3 Bb5 7. b4 cxd4 8. Bxb5+ Qxb5 9. Nxd4 Qa6 10. a4 Nd7 11. a5 Qc4 12. Bf4 Ne7 13. Nd2 Qc8 14. O-O Ng6 15. Bg3 Ndxe5 16. Re1 Bd6 17. Qa4+ Qd7 18. Nb5 Bb8 19. a6 bxa6 20. Qxa6 O-O 21. Rad1 Rc8 22. Ne4 Qc6 23. Qxc6 Rxc6 24. Nc5 a6 25. Nd4 Rc8 26. Ra1 a5 27. Ra4 Nc6 28. Rea1 Nxd4 29. cxd4 Bxg3 30. hxg3 Rab8 31. bxa5 Ne7 32. a6 Ra8 33. Nd7 1-0

[Event "January 9 Early 2024"]
[Site "https://www.chess.com"]
[Date "2024.01.11"]
[Round "3"]
[White "Tuncer, Tuna"]
[Black "Teimouri Yadkuri, Shahdad"]
[Result "1-0"]
[Board "184"]
[TimeControl "180+1"]
[WhiteFideId "6349269"]
[BlackFideId "42515467"]
[WhiteElo "2624"]
[BlackElo "2425"]
[WhiteTeam "TUR"]
[BlackTeam "IRI"]
[WhiteClock "0:00:22"]
[BlackClock "0:00:15"]

1. e4 c5 2. Nf3 e6 3. c3 d5 4. e5 d4 5. d3 Nc6 6. Qe2 Nge7 7. h4 Qc7 8. h5 b5 9. Nbd2 Bb7 10. Nb3 Nd5 11. Bd2 Qb6 12. h6 gxh6 13. g3 O-O-O 14. Bg2 c4 15. Nbxd4 cxd3 16. Qxd3 Ba6 17. Nxc6 Qxc6 18. Nd4 Qb6 19. Bf1 Bg7 20. Rh5 Nc7 21. Be3 b4 22. Qc2 bxc3 23. bxc3 Nd5 24. Rb1 Qa5 25. Nc6 Qa3 26. Rb3 Nxe3 27. fxe3 Qc5 28. Bxa6+ Kc7 29. Nd4 Rb8 30. Be2 Rxb3 31. axb3 Rb8 32. b4 Qd5 33. Qa4 Rb7 34. Bf3 Qc4 35. Bxb7 Qxc3+ 36. Kf2 Qd2+ 37. Ne2 Kxb7 38. Qb5+ Kc7 39. Qc5+ Kb7 40. Qe7+ Kb6 41. Qxf7 Qxb4 42. Qxg7 a5 43. Rh4 Qd2 44. Qe7 1-0

[Event "January 9 Early 2024"]
[Site "https://www.chess.com"]
[Date "2024.01.11"]
[Round "3"]
[White "Poormosavi, Seyed Kian"]
[Black "Iturrizaga Bonelli, Eduardo"]
[Result "0-1"]
[Board "185"]
[TimeControl "180+1"]
[WhiteFideId "12585807"]
[BlackFideId "3901211"]
[WhiteElo "2735"]
[BlackElo "2992"]
[WhiteTeam "IRI"]
[BlackTeam "ESP"]
[WhiteClock "0:00:12"]
[BlackClock "0:00:15"]

1. Nf3 Nf6 2. g3 b6 3. Bg2 Bb7 4. O-O c5 5. b3 g6 6. Bb2 Bg7 7. c4 O-O 8. Nc3 e6 9. d4 Qe7 10. Qd2 Na6 11. Rfd1 Rfd8 12. Rac1 d5 13. cxd5 exd5 14. e3 Ne4 15. Qe1 Rac8 16. Nxe4 dxe4 17. Ne5 Nb4 18. a3 Na6 19. Qe2 Nc7 20. Nc4 cxd4 21. Bxd4 Bxd4 22. Rxd4 Rxd4 23. exd4 Nb5 24. Qd2 Rd8 25. Re1 Nxd4 26. Qc3 h5 27. h4 Kh7 28. a4 Qf6 29. Qa1 Ne2+ 30. Kh2 Qxa1 31. Rxa1 Nd4 32. Rd1 f5 33. a5 b5 34. Na3 a6 35. Nc2 Ne6 36. Rxd8 Nxd8 37. Nd4 Nc6 38. Nxc6 Bxc6 39. b4 Kg7 40. Kg1 Kf6 41. Bf1 Ke5 0-1

[Event "January 9 Early 2024"]
[Site "https://www.chess.com"]
[Date "2024.01.11"]
[Round "3"]
[White "Svane, Frederik"]
[Black "Yurovskykh, Oleksandr"]
[Result "1-0"]
[Board "186"]
[TimeControl "180+1"]
[WhiteFideId "12923044"]
[BlackFideId "14134020"]
[WhiteElo "2996"]
[BlackElo "2613"]
[WhiteTeam "GER"]
[BlackTeam "UKR"]
[WhiteClock "0:00:23"]
[BlackClock "0:00:10"]

1. e4 e6 2. d4 d5 3. Nd2 dxe4 4. Nxe4 Bd7 5. Nf3 Bc6 6. Bd3 Nd7 7. Ng3 Ngf6 8. O-O g6 9. c4 Bg7 10. Be3 O-O 11. Qe2 Bxf3 12. Qxf3 c6 13. Rad1 Re8 14. Rfe1 Qa5 15. a3 Rad8 16. Bd2 Qb6 17. Bc3 Qc7 18. Bc2 b5 19. b3 Nb6 20. Qe2 bxc4 21. bxc4 c5 22. dxc5 Qxc5 23. Bxf6 Bxf6 24. Ne4 Qe7 25. c5 Nd5 26. Qc4 Rc8 27. Bb3 Red8 28. g3 Rc7 29. Qa6 Bg7 30. Rd3 Rdc8 31. Nd6 Rd8 32. Rxd5 Qf6 33. Ne4 Qe7 34. Rxd8+ Qxd8 35. Rd1 Qb8 36. Qc4 h5 37. Ba4 Bf8 38. Rd7 Qc8 39. Rxc7 Qxc7 40. Kg2 Kg7 41. c6 f5 42. Qd4+ e5 43. Qd7+ Qxd7 44. cxd7 Be7 45. Nd6 1-0

[Event "January 9 Early 2024"]
[Site "https://www.chess.com"]
[Date "2024.01.11"]
[Round "3"]
[White "Llorente Zaro, Alfonso"]
[Black "Pujari, Rucha"]
[Result "1-0"]
[Board "187"]
[TimeControl "180+1"]
[WhiteFideId "2254131"]
[BlackFideId "5024528"]
[WhiteElo "2715"]
[BlackElo "2497"]
[WhiteTeam "ESP"]
[BlackTeam "IND"]
[WhiteClock "0:00:09"]
[BlackClock "0:00:01"]

1. e4 e5 2. Nf3 Nc6 3. Nc3 Nf6 4. h3 Be7 5. d4 exd4 6. Nxd4 O-O 7. Be3 Bb4 8. Bd3 Re8 9. Nxc6 bxc6 10. O-O Bxc3 11. bxc3 Nxe4 12. Qh5 d5 13. Rfe1 g6 14. Qf3 Nxc3 15. Bh6 Bd7 16. Bxg6 fxg6 17. Qxc3 Re7 18. Rxe7 Qxe7 19. Re1 Qf7 20. Re3 Re8 21. Rf3 Qe7 22. Re3 Qf7 23. Rf3 Qe7 24. Kh2 Bf5 25. Re3 Qd6+ 26. Kg1 Re7 27. Bf4 Rxe3 28. Qxe3 Qe6 29. Qxa7 Qe1+ 30. Kh2 Qe4 31. Qb8+ 1-0

[Event "January 9 Early 2024"]
[Site "https://www.chess.com"]
[Date "2024.01.11"]
[Round "3"]
[White "Bjerre, Jonas Buhl"]
[Black "Matinian, Nikita"]
[Result "1-0"]
[Board "188"]
[TimeControl "180+1"]
[WhiteFideId "1444948"]
[BlackFideId "24129100"]
[WhiteElo "2959"]
[BlackElo "2718"]
[WhiteTeam "DEN"]
[BlackTeam "FID"]
[WhiteClock "0:00:28"]
[BlackClock "0:00:02"]

1. e4 c5 2. Nf3 e6 3. g3 Nc6 4. Bg2 Nf6 5. Nc3 d5 6. exd5 exd5 7. d4 Bg4 8. h3 Bxf3 9. Qxf3 Nxd4 10. Qd3 Be7 11. O-O h6 12. Be3 Qb6 13. Nxd5 Nxd5 14. Bxd5 Rd8 15. Qc4 O-O 16. Rab1 Nxc2 17. Bxf7+ Rxf7 18. Qxc2 Qc6 19. Rbc1 Rd5 20. Qe4 Bg5 21. Bxg5 Rxg5 22. Qxc6 bxc6 23. Rc4 Rb7 24. b3 Rb4 25. Rfc1 Rxc4 26. Rxc4 Rd5 27. Ra4 Rd7 28. Ra6 c4 29. bxc4 c5 30. Ra5 Rc7 31. Kg2 Kf7 32. Kf3 Ke6 33. Ke4 Kd6 34. Ra6+ Kd7 35. Kd5 Ke7 36. f4 g5 37. fxg5 hxg5 38. Rg6 Rd7+ 39. Kxc5 Rd2 40. Rxg5 Rxa2 41. Kb4 Kf6 42. Ra5 Rb2+ 43. Kc5 Rb7 44. Kc6 Rh7 45. h4 Rg7 46. c5 1-0

[Event "January 9 Early 2024"]
[Site "https://www.chess.com"]
[Date "2024.01.11"]
[Round "3"]
[White "Leiva, Gianmarco"]
[Black "Dinu, Dumitru-Daniel"]
[Result "0-1"]
[Board "189"]
[TimeControl "180+1"]
[WhiteFideId "3804399"]
[BlackFideId "1208403"]
[WhiteElo "2686"]
[BlackElo "2508"]
[WhiteTeam "PER"]
[BlackTeam "ROU"]
[WhiteClock "0:00:03"]
[BlackClock "0:00:09"]

1. d4 Nf6 2. Nf3 d5 3. Bf4 c5 4. e3 Nc6 5. Nbd2 e6 6. c3 cxd4 7. exd4 Nh5 8. Bg5 f6 9. Bh4 Bd6 10. Bb5 O-O 11. Bg3 Nf4 12. O-O Qb6 13. a4 a6 14. Bxc6 bxc6 15. Qb3 Qxb3 16. Nxb3 Ne2+ 17. Kh1 Nxg3+ 18. hxg3 Rb8 19. Nfd2 e5 20. f4 e4 21. Rfe1 g5 22. fxg5 Bxg3 23. Rf1 e3 24. Rf3 exd2 25. Nxd2 Bh4 26. b4 Bxg5 27. Nb3 Bg4 28. Rg3 h5 29. Nc5 Rbe8 30. Nxa6 Re2 31. Nc7 Bf4 32. Rxg4+ hxg4 33. Na6 Rfe8 34. g3 Bxg3 35. Nc5 Rh2+ 36. Kg1 Ree2 37. a5 Reg2+ 38. Kf1 Ra2 39. Kg1 Rxa1# 0-1

[Event "January 9 Early 2024"]
[Site "https://www.chess.com"]
[Date "2024.01.11"]
[Round "3"]
[White "Zgadzaj, Rafal"]
[Black "Averchenko, Sergej"]
[Result "1/2-1/2"]
[Board "190"]
[TimeControl "180+1"]
[WhiteFideId "1113712"]
[BlackFideId "4131533"]
[WhiteElo "2329"]
[BlackElo "1976"]
[WhiteTeam "POL"]
[BlackTeam "RUS"]
[WhiteClock "0:01:13"]
[BlackClock "0:00:41"]

1. c4 Nf6 2. Nc3 e6 3. e4 d5 4. e5 d4 5. exf6 dxc3 6. fxg7 cxd2+ 7. Qxd2 Qxd2+ 8. Bxd2 Bxg7 9. O-O-O c5 10. Be3 b6 11. Bd3 Bb7 12. Nf3 Nd7 13. Bg5 Ne5 14. Nxe5 Bxe5 15. Rhe1 Bd4 16. f3 Rg8 17. h4 h6 18. Bxh6 Rxg2 19. Be3 Bxb2+ 20. Kb1 Bf6 21. h5 O-O-O 22. h6 Bxf3 23. Bf1 Rxd1+ 24. Rxd1 Bxd1 25. Bxg2 Kd7 26. Be4 Be2 27. h7 Bxc4 28. Bg5 Bh8 29. a4 f6 30. Bh6 Ke7 31. Bg6 e5 32. Kc2 Bf7 33. Bf5 Be6 34. Bg6 f5 35. Kd3 Bf7 36. Bxf5 Kf6 37. Be4 Bg6 38. Bf8 Bxe4+ 39. Kxe4 Kg6 40. a5 Kxh7 41. a6 Kg6 42. Bd6 Kf7 43. Bc7 Ke6 44. Bxb6 Kd6 45. Bxa7 Kc7 46. Bxc5 Bf6 47. Kd5 Kb8 48. Kc6 Bg5 49. Kb6 Bf4 50. Bd6+ Ka8 51. Bc7 Be3+ 52. Kb5 Bd4 53. Bd6 e4 54. Kc4 Bb6 55. Kb5 Ka7 56. Bg3 e3 57. Be1 Bd4 58. Bb4 Bb2 59. Bc5+ Ka8 60. Bxe3 Be5 61. Bc5 Bb8 62. Bb6 Ba7 63. Bd8 Bb8 64. Kc6 Ba7 65. Bc7 Bb8 66. Bb6 Ba7 67. Ba5 Bb8 68. Kd7 Ba7 69. Kc8 Bb8 70. Bb6 Ba7 71. Bc7 Bb8 72. Bxb8 1/2-1/2

[Event "January 9 Early 2024"]
[Site "https://www.chess.com"]
[Date "2024.01.11"]
[Round "3"]
[White "Kovalev, Vladislav"]
[Black "Baziuk, Vladyslav"]
[Result "1/2-1/2"]
[Board "191"]
[TimeControl "180+1"]
[WhiteFideId "13504398"]
[BlackFideId "34107940"]
[WhiteElo "2909"]
[BlackElo "2710"]
[WhiteTeam "FID"]
[BlackTeam "UKR"]
[WhiteClock "0:00:04"]
[BlackClock "0:00:07"]

1. e4 c6 2. Nf3 d5 3. d3 Qc7 4. Nc3 e6 5. g3 Nf6 6. Bg2 Nbd7 7. O-O Bd6 8. Qe2 O-O 9. Re1 e5 10. exd5 Nxd5 11. Ng5 h6 12. Nge4 Nxc3 13. bxc3 Be7 14. Rb1 Re8 15. c4 Nc5 16. Nxc5 Bxc5 17. Bb2 f6 18. d4 Bb4 19. Red1 Bf5 20. dxe5 fxe5 21. c5 Qa5 22. Be4 Bxe4 23. Qxe4 Qxc5 24. Rd7 Rf8 25. Bxe5 Qxf2+ 26. Kh1 Rf7 27. Rxf7 Qxf7 28. Qxb4 Qd5+ 29. Kg1 Qxe5 30. Qc4+ Qd5 31. Qxd5+ cxd5 32. Rxb7 Rc8 33. Rxa7 Rxc2 34. a4 d4 35. a5 Ra2 36. a6 Kh7 37. Rd7 Rxa6 38. Rxd4 Rf6 1/2-1/2

[Event "January 9 Early 2024"]
[Site "https://www.chess.com"]
[Date "2024.01.11"]
[Round "3"]
[White "Quirke, Jeffrey"]
[Black "Kolmagorov, Alexey"]
[Result "0-1"]
[Board "192"]
[TimeControl "180+1"]
[WhiteFideId "2013029"]
[BlackFideId "34129402"]
[WhiteElo "2101"]
[BlackElo "2370"]
[WhiteTeam "USA"]
[BlackTeam "RUS"]
[WhiteClock "0:00:03"]
[BlackClock "0:00:21"]

1. e4 c5 2. c3 Nf6 3. e5 Nd5 4. Nf3 Nc6 5. Bc4 Nb6 6. Bb3 g6 7. O-O Bg7 8. Re1 O-O 9. d4 cxd4 10. cxd4 d6 11. Bf4 dxe5 12. Nxe5 Nxd4 13. Nxf7 Rxf7 14. Bxf7+ Kxf7 15. Nc3 Bf5 16. Be5 Qd7 17. Bxg7 Kxg7 18. Rc1 Rd8 19. Ne4 Bxe4 20. Rxe4 Nf5 21. Qf3 Qd2 22. Rce1 Rd7 23. g4 Qg5 24. Qg2 Nh4 25. Qg3 Nc8 26. f4 Qc5+ 27. Kh1 g5 28. fxg5 Ng6 29. h4 Nd6 30. R4e2 Rc7 31. h5 Qd5+ 32. Kh2 Nf8 33. Rxe7+ Rxe7 34. Rxe7+ Kg8 35. Qb3 Nc4 36. Qxb7 Qd2+ 37. Qg2 Qd6+ 38. Kh3 Qxe7 39. Qd5+ Qe6 40. Qd4 Qe3+ 41. Qxe3 Nxe3 42. Kg3 Ne6 43. Kf3 Nc4 44. g6 hxg6 0-1

[Event "January 9 Early 2024"]
[Site "https://www.chess.com"]
[Date "2024.01.11"]
[Round "3"]
[White "Arabidze, Meri"]
[Black "Hoffmann, Asa"]
[Result "0-1"]
[Board "193"]
[TimeControl "180+1"]
[WhiteFideId "13604040"]
[BlackFideId "2001470"]
[WhiteElo "2710"]
[BlackElo "2383"]
[WhiteTeam "GEO"]
[BlackTeam "USA"]
[WhiteClock "0:00:02"]
[BlackClock "0:00:33"]

1. Nf3 Nf6 2. c4 d6 3. d4 Bf5 4. g3 h6 5. Bg2 c6 6. O-O Nbd7 7. Re1 e5 8. e4 Bxe4 9. Nxe5 dxe5 10. Bxe4 Be7 11. Bf5 exd4 12. Qxd4 O-O 13. Nc3 Re8 14. Bf4 Nc5 15. Rad1 Qxd4 16. Rxd4 Bf8 17. Rdd1 Rad8 18. Be3 b6 19. b4 Ne6 20. a3 Rxd1 21. Rxd1 Rd8 22. Rxd8 Nxd8 23. Kg2 Bd6 24. h4 Kf8 25. g4 Ke7 26. f3 Ne6 27. Ne2 c5 28. b5 Be5 29. Bxe6 Kxe6 30. a4 Ne8 31. g5 hxg5 32. hxg5 Nd6 33. f4 Bb2 34. Kf3 Nxc4 35. Bf2 g6 36. Ng3 Nd6 37. Kg4 Kd5 38. f5 c4 39. fxg6 fxg6 40. Ne2 Be5 41. Be3 Ke4 42. Bf4 Nf5 43. Bxe5 Kxe5 44. Nf4 Ne7 45. Kf3 Kd4 46. Kg4 c3 47. Ne6+ Kd3 48. Nf4+ Kd2 49. Kf3 c2 0-1

[Event "January 9 Early 2024"]
[Site "https://www.chess.com"]
[Date "2024.01.11"]
[Round "3"]
[White "Baruch, Liam"]
[Black "Garbarino, Rodolfo"]
[Result "0-1"]
[Board "194"]
[TimeControl "180+1"]
[WhiteFideId "14322064"]
[BlackFideId "100412"]
[WhiteElo "2095"]
[BlackElo "2368"]
[WhiteTeam "RSA"]
[BlackTeam "ARG"]
[WhiteClock "0:00:32"]
[BlackClock "0:00:17"]

1. e4 e5 2. Nf3 Nc6 3. d4 exd4 4. Nxd4 Qf6 5. Be3 Bc5 6. c3 Nge7 7. Be2 O-O 8. O-O d5 9. Nxc6 Qxc6 10. Bxc5 Qxc5 11. Nd2 Be6 12. Qc2 Rad8 13. Nb3 Qb6 14. Bf3 c5 15. Rfe1 Ng6 16. Rad1 Ne5 17. Nd2 d4 18. c4 Qa6 19. b3 Qa5 20. Nf1 Qc7 21. Ng3 g6 22. Be2 a6 23. Bd3 Nc6 24. h4 h5 25. Qd2 Ne5 26. Qg5 f6 27. Qd2 Ng4 28. Be2 Kg7 29. Bxg4 Bxg4 30. Ne2 Rfe8 31. f3 Bc8 32. Nf4 b5 33. Nd5 Qg3 34. Qf2 Qxf2+ 35. Kxf2 Bb7 36. Re2 f5 37. Rd3 fxe4 38. fxe4 Bxd5 39. cxd5 Re5 40. Rf3 Rf8 41. Kg3 Rfe8 42. Rf4 Rxd5 43. exd5 Rxe2 44. d6 Re6 45. d7 Rd6 46. Rf1 Rxd7 47. Rc1 d3 48. Rd1 c4 49. Kf3 c3 50. Ke3 d2 0-1